 Dungeon Crawl Stone Soup version 0.17-b1-20-g63edfd6 (webtiles) character file.

148 radek the Conjurer (level 5, -11/28 HPs)
             Began as a Deep Elf Conjurer on Nov 4, 2015.
             Killed from afar by tp1's ghost (14 damage)
             ... with a spray of energy
             ... on level 3 of the Dungeon.
             The game lasted 00:08:25 (3810 turns).

radek the Conjurer (Deep Elf Conjurer)              Turns: 3810, Time: 00:08:25

Health: -11/28     AC:  5    Str: 11    XL:     5   Next: 8%
Magic:  8/11       EV: 13    Int: 20    God:
Gold:   111        SH:  0    Dex: 15    Spells: 2 memorised, 4 levels left

rFire  . . .     SeeInvis +     m - +2 dagger (venom)
rCold  . . .     Clarity  .     a - +0 robe
rNeg   . . .     SustAt   .     (no shield)
rPois  .         Gourm    .     l - +2 helmet {SInv}
rElec  .         Spirit   .     (no cloak)
rCorr  .         Warding  .     (no gloves)
rMut   .         Stasis   .     (no boots)
MR     .....                    (no amulet)
Stlth  +++.......               r - ring of stealth
                                k - -2 ring of slaying (curse)

@: mighty, not resistant to hostile enchantments, fairly stealthy
A: no striking features
a: no special abilities


You were on level 3 of the Dungeon.
You were not hungry.

You visited 1 branch of the dungeon, and saw 3 of its levels.

You collected 111 gold pieces.

Inventory:

Hand Weapons
 e - a +0 short sword
 m - a +2 dagger of venom (weapon)
 q - a +1 dagger of venom
Armour
 a - a +0 robe (worn)
 l - a +2 helmet of see invisible (worn)
Jewellery
 k - a cursed -2 ring of slaying (left hand)
 r - a ring of stealth (right hand)
Wands
 p - a wand of enslavement (19)
Scrolls
 c - 2 scrolls of remove curse {unknown}
 g - a scroll of blinking {unknown}
 h - a scroll of enchant armour {unknown}
 j - 3 scrolls of identify {unknown}
 o - 3 scrolls of recharging {unknown}
Potions
 d - 2 potions of might
 f - a potion of invisibility {unknown}
 i - 2 potions of curing {unknown}
Books
 b - a book of Conjurations

   Spells                             Type                      Level
   a - Magic Dart                     Conjuration                  1
   b - Searing Ray                    Conjuration                  2
   c - Dazzling Spray                 Conjuration/Hexes            3
   d - Fulminant Prism                Conjuration/Hexes            4
   e - Iskenderun's Mystic Blast      Conjuration                  4
   f - Iskenderun's Battlesphere      Conjuration/Charms           5
Comestibles
 n - 2 beef jerkies


   Skills:
 - Level 2.4 Dodging
 - Level 2.4 Stealth
 - Level 3.0 Spellcasting
 - Level 7.0 Conjurations
 + Level 0.0 Charms


You had 4 spell levels left.
You knew the following spells:

 Your Spells              Type           Power        Failure   Level  Hunger
a - Magic Dart            Conj           ####         1%          1    None
b - Iskenderun's Battles  Conj/Chrm      ###.....     89%         5    ######.


Dungeon Overview and Level Annotations

Branches:
Dungeon (3/15)

Altars:
Makhleb
Trog

Annotations:
D:3 tp1's ghost, amateur DECj


Message History

Aim: tp1's ghost (moderately damaged)
The magic dart hits tp1's ghost.
Tp1's ghost is moderately damaged.
Tp1's ghost casts a spell at you. The spray of energy hits you!
Ouch! That really hurt!
You are confused.
Tp1's ghost hits you.
* * * LOW HITPOINT WARNING * * *
You closely miss tp1's ghost.
Tp1's ghost is moderately damaged.
Tp1's ghost hits you.
* * * LOW HITPOINT WARNING * * *
Drink which item? (? for menu, Esc to quit)
It was a potion of might.
You feel very mighty all of a sudden.
You feel less confused.
Tp1's ghost points at you and mumbles some strange words.
The spray of energy hits you!
Ouch! That really hurt!
You die...

.. ..##.# #. #.##.# ## ...
#.##.# #############. ##.#.
#.##.# #...........#.
......#.##.###...........#.
#....##.).'.....(.....#)
#.......###.....(...)<#.
......#...W.............(#.
..#####.##@#....#...[...[..
† ....#.#....#..........
######.#....#..........
#.######.......... #.#
#.......... #.# #..........
#.# #.......... #.##
########## #..#


You could see tp1's ghost.

Vanquished Creatures
  Robin (D:3)
  A gnoll (D:1)
  5 adders (D:2)
  2 worms (D:2)
  3 giant geckos
  7 bats
  4 giant cockroaches
  6 hobgoblins
  4 jackals
  4 giant newts
  19 goblins
  10 kobolds
  6 rats
  A plant (D:1)
73 creatures vanquished.

Notes
Turn   | Place    | Note
--------------------------------------------------------------
     0 | D:1      | radek the Deep Elf Conjurer began the quest for the Orb.
     0 | D:1      | Reached XP level 1. HP: 10/10 MP: 6/6
   345 | D:1      | Reached XP level 2. HP: 15/15 MP: 5/8
   372 | D:1      | Reached skill level 5 in Conjurations
  1298 | D:1      | Reached XP level 3. HP: 12/19 MP: 3/9
  1569 | D:2      | Found a burning altar of Makhleb.
  1569 | D:2      | Found a bloodstained altar of Trog.
  1734 | D:2      | Reached skill level 6 in Conjurations
  1802 | D:2      | Reached XP level 4. HP: 24/24 MP: 4/10
  2454 | D:3      | Noticed tp1's ghost (amateur DECj)
  3167 | D:3      | Noticed Robin
  3558 | D:3      | Killed Robin
  3558 | D:3      | Reached skill level 7 in Conjurations
  3558 | D:3      | Reached XP level 5. HP: 18/28 MP: 2/11
  3707 | D:2      | Learned a level 5 spell: Iskenderun's Battlesphere
  3810 | D:3      | Killed from afar by tp1's ghost

Action                   |  1- 3 |  4- 6 || total
-------------------------+-------+-------++-------
Melee: Short sword       |    80 |       ||    80
       Dagger            |       |     4 ||     4
 Cast: Magic Dart        |    80 |    97 ||   177
  Use: Potion            |       |     1 ||     1
  Eat: Bread ration      |     1 |     1 ||     2
